 Dungeon Crawl Stone Soup version 0.27-a0-931-g5a74e75d8f (webtiles) character file.

Game seed: 17175380793374638487

10 polve the Skirmisher (level 2, 0/24 HPs)
             Began as a Demonspawn Abyssal Knight on Apr 10, 2021.
             Was a Follower of Lugonu.
             Slain by a ball python (2 damage)
             ... on level 1 of the Dungeon.
             The game lasted 00:00:24 (383 turns).

polve the Skirmisher (Demonspawn Abyssal Knight)     Turns: 383, Time: 00:00:24

Health: 0/24       AC:  3    Str: 12    XL:     2   Next: 10%
Magic:  3/3        EV:  8    Int: 13    God:    Lugonu [*.....]
Gold:   7          SH:  0    Dex: 12    Spells: 1/1 levels left

rFire    . . .     SeeInvis .   (no weapon)
rCold    . . .     Faith    .   (no shield)
rNeg     . . .     Spirit   .   b - +0 leather armour
rPois    .         Reflect  .   (no helmet)
rElec    .         Harm     .   (no cloak)
rCorr    .         Rampage  .   (no gloves)
Will     .....                  (no boots)
Stlth    +.........             (no amulet)
HPRegen  0.08/turn              (no ring)
MPRegen  0.08/turn              (no ring)

@: constricted
A: powered by pain 1
a: Renounce Religion, Depart the Abyss


You were on level 1 of the Dungeon.
You worshipped Lugonu.
Lugonu was aware of your devotion.
You visited 1 branch of the dungeon, and saw 1 of its levels.
You visited the Abyss 1 time.

You collected 7 gold pieces.

Inventory:

Hand Weapons
 a - a +1 falchion
Armour
 b - a +0 leather armour (worn)
Scrolls
 c - a scroll of magic mapping {unknown}
Potions
 d - a potion of curing {unknown}


   Skills:
 - Level 3.0 Fighting
 + Level 2.5 Long Blades
 - Level 1.7 Armour
 - Level 0.8 Dodging
 - Level 2.4 Invocations


You had one spell level left.
You didn't know any spells.
Your spell library contained the following spells:

 Spells                   Type           Power      Damage    Failure   Level
 Animate Skeleton         Necr           0%         N/A       36%         1
 Apportation              Tloc           0%         N/A       36%         1
 Corona                   Hex            0%         N/A       36%         1
 Summon Small Mammal      Summ           0%         N/A       36%         1


Dungeon Overview and Level Annotations

Branches:
Dungeon (1/15)

Altars:


Innate Abilities, Weirdness & Mutations

You sometimes gain a little power by taking damage.


Message History

The ball python constricts you.
The ball python bites you but does no damage.
The ball python constricts you. The ball python completely misses you.
The ball python constricts you. The ball python bites you.
The ball python constricts you.
The ball python bites you but does no damage.
The ball python constricts you. The ball python bites you.
The ball python constricts you. The ball python bites you.
The ball python constricts you.
The ball python bites you but does no damage.
The ball python constricts you. The ball python barely misses you.
The ball python constricts you.
The ball python bites you but does no damage.
The ball python constricts you.
The ball python bites you but does no damage.
The ball python constricts you. The ball python bites you.
The ball python constricts you. The ball python barely misses you.
The ball python constricts you.
The ball python bites you but does no damage.
The ball python constricts you. The ball python barely misses you.
The ball python constricts you. The ball python closely misses you.
The ball python constricts you. The ball python bites you.
The ball python constricts you. The ball python barely misses you.
The ball python constricts you. The ball python bites you.
* * * LOW HITPOINT WARNING * * *
The ball python constricts you. The ball python misses you.
* * * LOW HITPOINT WARNING * * *
The ball python constricts you. The ball python barely misses you.
* * * LOW HITPOINT WARNING * * *
The ball python constricts you. The ball python closely misses you.
The ball python constricts you. The ball python bites you.
* * * LOW HITPOINT WARNING * * *
x2 The ball python constricts you.
The ball python closely misses you. The ball python constricts you.
The ball python bites you.
You die...

... ... .. ..
#.###########
#.#.........#
#.#.........#
#.@.........#
#.S#####†####
....## #.#
#..#. #.#
#..#. #.# #.
#. #.# # #.
#.# #. #.# .#
#.#


You could see a ball python.

Vanquished Creatures
  2 endoplasms (D:1)
  A giant cockroach (D:1)
  3 hobgoblins (D:1)
  A ball python (D:1)
  A kobold (D:1)
  A rat (D:1)
9 creatures vanquished.

Notes
Turn   | Place    | Note
-------+----------+-------------------------------------------
     0 | Abyss:1  | polve the Demonspawn Abyssal Knight began the quest for the
                  | Orb.
     0 | Abyss:1  | Reached XP level 1. HP: 18/18 MP: 2/2
    50 | Abyss:1  | Noticed a raiju
    56 | Abyss:1  | Noticed a thrashing horror
    58 | D:1      | Escaped the Abyss
   225 | D:1      | Reached * piety under Lugonu
   304 | D:1      | Gained mutation: You sometimes gain a little power by
                  | taking damage. [demonic ancestry]
   304 | D:1      | Reached XP level 2. HP: 20/24 MP: 3/3
   381 | D:1      | HP: 1/24 [ball python (1)]
   383 | D:1      | Slain by a ball python

Illustrated notes

Levels and vault maps discovered:
D:1:      elethiomel_arrival_shortcut, layout_rooms

Skill      XL: |  1 |
---------------+----+-----
Long Blades    | 2 |  2.5
Fighting       | |  3.0
Armour         | |  1.7
Dodging        | |  0.8
Invocations    | |  2.4

Action                   || total
-------------------------++-------
Melee: Falchion          ||    25
Invok: Depart the Abyss  ||     1
Armor: Leather armour    ||    20
Dodge: Dodged            ||    19
       Rpst.: Falchion   ||     1

Table legend: (Time is in decaauts)
 A = Elapsed time spent in this place.
 B = Non-inter-level travel time spent in this place.
 C = Inter-level travel time spent in this place.
 D = Time resting spent in this place.
 E = Time spent auto-exploring this place.
 F = Levels seen in this place.
 G = Mean time per level.
                   A        B        C        D        E       F      G
               +--------+--------+--------+--------+--------+-----+--------+
         Total |    386 |    386 |      0 |      0 |    288 |   2 |  193.0 |
       Dungeon |    328 |    328 |      0 |      0 |    238 |   1 |  328.0 |
         Abyss |     58 |     58 |      0 |      0 |     50 |   1 |   58.0 |
               +--------+--------+--------+--------+--------+-----+--------+

Top non-repeatable levels by time:
     D:1: 328 daAuts
 Abyss:1: 58 daAuts
